 Dungeon Crawl Stone Soup version 0.18.1-1-g2f07953 (webtiles) character file.

87 ponynephrine the Grasshopper (level 4, -3/31 HPs)
             Began as a Human Wanderer on May 6, 2016.
             Was a Follower of Kikubaaqudgha.
             Killed from afar by an orc wizard (10 damage)
             ... with a puff of flame
             ... on level 3 of the Dungeon.
             The game lasted 00:17:33 (3466 turns).

ponynephrine the Grasshopper (Human Wanderer)       Turns: 3466, Time: 00:17:34

Health: -3/31      AC:  2    Str: 13    XL:     4   Next: 80%
Magic:  2/8        EV: 11    Int: 19    God:    Kikubaaqudgha [*.....]
Gold:   183        SH:  0    Dex: 11    Spells: 4 memorised, 2 levels left

rFire  . . .     SeeInvis .     w - +0 long sword
rCold  . . .     Gourm    .     e - +0 robe
rNeg   . . .     Faith    .     (no shield)
rPois  .         Spirit   .     (no helmet)
rElec  .         Dismiss  .     (no cloak)
rCorr  .         Reflect  .     (no gloves)
SustAt .         Harm     .     (no boots)
MR     .....                    (no amulet)
Stlth  ++........               (no ring)
                                (no ring)

@: brilliant, about to teleport, not resistant to hostile enchantments,
unstealthy
A: no striking features
a: Receive Corpses, Renounce Religion


You were on level 3 of the Dungeon.
You worshipped Kikubaaqudgha.
Kikubaaqudgha was aware of your devotion.
You were hungry.

You visited 1 branch of the dungeon, and saw 3 of its levels.

You collected 183 gold pieces.

Inventory:

Hand Weapons
 d - a +0 blowgun
 l - a +0 short sword
   (You took it off a kobold on level 1 of the Dungeon)
 r - a +0 whip
   (You took it off a kobold on level 2 of the Dungeon)
 w - a +0 long sword (weapon)
   (You found it on level 2 of the Dungeon)
Missiles
 c - 28 poisoned needles
 i - 24 stones (quivered)
Armour
 e - a +0 robe (worn)
Jewellery
 h - a +4 amulet of reflection {unknown}
   (You found it on level 1 of the Dungeon)
Scrolls
 k - a scroll of random uselessness {unknown}
 n - 4 scrolls of magic mapping {unknown}
 o - 2 scrolls of identify {unknown}
 q - 2 scrolls of enchant armour {unknown}
 s - 2 scrolls of blinking {unknown}
 y - a scroll of fog {unknown}
Books
 a - a book of Flames
 b - Bepeg's Disquisition on Clay

   Spells                             Type                      Level
   a - Sandblast                      Earth                        1
   b - Stone Arrow                    Conjuration/Earth            3
 u - Kikubaaqudgha's Guide on Evil Arts
   (Kikubaaqudgha gifted it to you on level 2 of the Dungeon)

   Spells                             Type                      Level
   a - Pain                           Necromancy                   1
   b - Corpse Rot                     Necromancy                   2
   c - Sublimation of Blood           Necromancy                   2
   d - Vampiric Draining              Necromancy                   3
   e - Control Undead                 Necromancy                   4
Comestibles
 f - 2 bread rations {@e1}
 g - a slice of pizza
 m - a meat ration {@e2}
 x - 2 chunks of flesh {@w0}


   Skills:
 + Level 0.8 Fighting
 - Level 0.6(1.0) Short Blades
 * Level 1.0(1.1) Long Blades
 - Level 1.0 Throwing
 + Level 0.0 Dodging
 + Level 2.0 Stealth
 - Level 3.0 Spellcasting
 + Level 2.3 Conjurations
 * Level 1.0 Necromancy
   Level 3.0 Translocations
 + Level 2.2 Fire Magic


You had 2 spell levels left.
You knew the following spells:

 Your Spells              Type           Power        Failure   Level  Hunger
a - Flame Tongue          Conj/Fire      ###..        1%          1    None
b - Pain                  Necr           ###.         1%          1    None
c - Conjure Flame         Conj/Fire      ###.....     2%          3    ###....
x - Throw Flame           Conj/Fire      ###...       1%          2    ##.....


Dungeon Overview and Level Annotations

Branches:
Dungeon (3/15)

Altars:
Kikubaaqudgha
The Shining One

Annotations:
D:1 exclusion: downstairs
D:2 Sigmund


Message History

The flame tongue hits the orc.
You kill the orc!
Kikubaaqudgha accepts your kill.
You now have 5/8 mp.
You start resting.
All of the chunks of flesh in your inventory have rotted away.
Health restored: 31; MP restored: 8
Things that are here:
a war axe; a leather armour You see here a club.
Aim: an orc (hasn't noticed you)
You throw a stone. The stone barely misses the orc.
The orc shouts!
You see here a club.
Things that are here:
a war axe; a leather armour The orc hits you but does no damage.
Things that are here:
a war axe; a leather armour You barely miss the orc.
The orc hits you.
You take 3 damage, and have 28/31 hp.
You hit the orc. The orc barely misses you.
You completely miss the orc. The orc closely misses you. x2
You slash the orc!
You kill the orc!
Kikubaaqudgha accepts your kill.
You see here an orc corpse.
You are feeling hungry.
You see here an orc corpse.
You butcher the orc corpse.
x - 2 chunks of flesh {@w0} Eat one of 2 chunks of flesh {@w0}? (ye/n/q/i?)
Okay, then.
Unknown command.
Unknown command.
Aim: an orc wizard, wielding a dagger and wearing a robe (hasn't noticed you, chance to defeat MR: 45%)
The orc wizard shouts!
The orc wizard resists with some effort.
The orc wizard gestures wildly while chanting.
The orc wizard seems to speed up.
You take 1 damage, and have 28/31 hp.
You now have 7/8 mp.
Aim: an orc wizard, wielding a dagger and wearing a robe (fast, chance to defeat MR: 45%)
The orc wizard resists with some effort.
The orc wizard hits you but does no damage.
You take 1 damage, and have 27/31 hp.
You now have 6/8 mp.
Aim: an orc wizard, wielding a dagger and wearing a robe (fast)
The flame tongue hits the orc wizard.
The orc wizard hits you with a dagger.
You take 4 damage, and have 23/31 hp.
You now have 5/8 mp.
Aim: an orc wizard, wielding a dagger and wearing a robe (heavily wounded, fast)
The flame tongue misses the orc wizard.
The orc wizard hits you with a dagger. x2
You take 5 damage, and have 18/31 hp.
You now have 4/8 mp.
Aim: an orc wizard, wielding a dagger and wearing a robe (heavily wounded, fast)
The flame tongue hits the orc wizard.
The orc wizard hits you with a dagger.
You take 6 damage, and have 12/31 hp.
You now have 3/8 mp.
Aim: an orc wizard, wielding a dagger and wearing a robe (heavily wounded, fast)
The flame tongue hits the orc wizard.
The orc wizard hits you with a dagger.
* * * LOW HITPOINT WARNING * * *
The orc wizard hits you with a dagger.
* * * LOW HITPOINT WARNING * * *
You take 6 damage, and have 6/31 hp.
You now have 2/8 mp.
Drink which item? (? for menu, Esc to quit)
It was a potion of curing.
You feel better.
The orc wizard hits you but does no damage.
You regained 6 hp, and now have 12/31 hp.
Aim: an orc wizard, wielding a dagger and wearing a robe (severely wounded, fast)
The flame tongue hits the orc wizard.
The orc wizard mumbles some strange words.
The orc wizard flickers and vanishes!
Deactivating autopickup; reactivate with Ctrl-A.
Something hits you but does no damage.
You now have 1/8 mp.
Drink which item? (? for menu, Esc to quit)
It was a potion of brilliance.
You feel clever all of a sudden. Something hits you.
* * * LOW HITPOINT WARNING * * *
You take 4 damage, and have 8/31 hp.
Drink which item? (? for menu, Esc to quit)
You feel better.
You hear some strange, mumbled words.
A magic dart appears from out of thin air!
The magic dart hits you! Something hits you but does no damage.
You regained 6 hp, and now have 14/31 hp.
Unknown command.
Unknown command.
Okay, then.
Drink which item? (? for menu, Esc to quit)
It was a potion of cure mutation.
It has a very clean taste.
Something hits you.
You take 4 damage, and have 10/31 hp.
Read which item? (? for menu, Esc to quit)
As you read the scroll labeled MEIRPH BODO, it crumbles to dust.
You feel strangely unstable.
It was a scroll of teleportation.
Something hits you.
* * * LOW HITPOINT WARNING * * *
You hear some strange, mumbled words.
A puff of flame appears from out of thin air!
The puff of flame hits you!
You die...
Kikubaaqudgha rasps: "You have failed me!
Welcome... death!"

.# ####.##........# #...# # .#
##....####.###.## #...# #
.###.....###......# #...####
..............############.......
.###.....###.###.................
.# ##........# #.#####..#####....
.# ########## #.##..............
## #)##.##........##.
#@##.##...####.##.
#.{)...........##.
####.####.##...... #.# #.##.#.##.
#.# #.##.#.##. #o# #......##. #.#
##.....##. #.# #.....##. #.#
#.....##.


There were no monsters in sight!

Vanquished Creatures
  A howler monkey skeleton (D:3)
  An adder (D:3)
  An ooze (D:3)
  3 dart slugs
  A giant gecko (D:1)
  3 orcs (D:3)
  3 giant cockroaches
  5 goblins
  12 hobgoblins
  7 kobolds
  5 bats
  2 giant newts
  8 rats
52 creatures vanquished.

Notes
Turn   | Place    | Note
--------------------------------------------------------------
     0 | D:1      | ponynephrine the Human Wanderer began the quest for the Orb.
     0 | D:1      | ponynephrine set off with: a book of Flames, Bepeg's Disquisition on Clay, 11 poisoned needles, a +0 blowgun, a +0 robe, a bread ration {@e1}
     0 | D:1      | Reached XP level 1. HP: 13/13 MP: 4/4
     0 | D:1      | Identified Bepeg's Disquisition on Clay
     3 | D:1      | Learned a level 1 spell: Flame Tongue
   108 | D:1      | Reached skill level 1 in Conjurations
   319 | D:1      | Reached XP level 2. HP: 17/19 MP: 1/6
   871 | D:1      | Learned a level 2 spell: Throw Flame
   920 | D:1      | Reached skill level 2 in Conjurations
  1224 | D:1      | Reached XP level 3. HP: 17/24 MP: 3/7
  1547 | D:2      | Found a faded altar to an unknown god.
  1558 | D:2      | Became a worshipper of Kikubaaqudgha
  1558 | D:2      | Reached * piety under Kikubaaqudgha
  1558 | D:2      | Received a gift from Kikubaaqudgha
  1558 | D:2      | Identified Kikubaaqudgha's Guide on Evil Arts (Kikubaaqudgha gifted it to you on level 2 of the Dungeon)
  1653 | D:2      | Noticed Sigmund
  1888 | D:2      | Learned a level 1 spell: Pain
  1892 | D:2      | Learned a level 3 spell: Conjure Flame
  2252 | D:2      | Found a glowing golden altar of the Shining One.
  2536 | D:3      | Reached XP level 4. HP: 21/31 MP: 8/8
  2859 | D:3      | Reached skill level 1 in Necromancy
  3021 | D:3      | Reached skill level 2 in Stealth
  3080 | D:3      | Reached skill level 1 in Long Blades
  3460 | D:3      | HP: 7/31 [orc wizard/dagger (5)]
  3466 | D:3      | HP: 7/31 [something (3)]
  3466 | D:3      | Killed from afar by an orc wizard

Skill      XL: |  1  2  3  4 |
---------------+-------------+-----
Conjurations   | 1 2 |  2.3
Necromancy     | 1 |  1.0
Stealth        | 2 |  2.0
Long Blades    | 1 |  1.0
Fighting       | |  0.8
Short Blades   | |  0.6
Throwing       | |  1.0
Spellcasting   | |  3.0
Translocations | |  3.0
Fire Magic     | |  2.2

Action                   |  1- 3 |  4- 6 || total
-------------------------+-------+-------++-------
Melee: Short sword       |    70 |       ||    70
       Long sword        |    21 |    52 ||    73
 Fire: Blowgun           |    13 |       ||    13
Throw: Stone             |    30 |     6 ||    36
 Cast: Flame Tongue      |    38 |    11 ||    49
       Pain              |       |     2 ||     2
  Use: Potion            |       |     4 ||     4
       Scroll            |       |     1 ||     1
 Stab: Sleeping          |     1 |       ||     1
  Eat: Chunk             |     5 |     3 ||     8
Armor: Robe              |    18 |    32 ||    50
Dodge: Dodged            |    75 |    41 ||   116

Vault maps used:
D:1:      scummos_arrival_star
D:2:      tso_altar, ecumenical_altar_1, first_bread, uniq_sigmund

Table legend:
 A = Turns spent in this place as a percentage of turns spent in the entire game.
 B = Non-inter-level travel turns spent in this place as a percentage of non-inter-level travel turns spent in the entire game.
 C = Inter-level travel turns spent in this place as a percentage of turns spent in this place.
 D = Turns resting spent in this place as a percentage of non-inter-level travel turns spent in this place.
 E = Turns spent auto-exploring this place as a percentage of non-inter-level travel turns spent in this place.
 F = Non-inter-level travel turns spent in this place divided by the number of levels of this place that you've seen.
                   A       B       C       D       E      F
               +-------+-------+-------+-------+-------+----------------------
         Total | 100.0 | 100.0 |   0.4 |   6.0 |   3.5 | 351.7
       Dungeon | 100.0 | 100.0 |   0.4 |   6.0 |   3.5 | 351.7
               +-------+-------+-------+-------+-------+----------------------

Table legend:
 A = Kills in this place as a percentage of kills in entire the game.
 B = Kills by you in this place as a percentage of kills by you in the entire game.
 C = Kills by friends in this place as a percentage of kills by friends in the entire game.
 D = Other kills in this place as a percentage of other kills in the entire game.
 E = Experience gained in this place as a percentage of experience gained in the entire game.
 F = Experience gained in this place divided by the number of levels of this place that you have seen.
                   A       B       C       D       E      F
               +-------+-------+-------+-------+-------+----------------------
         Total | 100.0 | 100.0 |  -nan |  -nan | 100.0 |  41.7
       Dungeon | 100.0 | 100.0 |  -nan |  -nan | 100.0 |  41.7
               +-------+-------+-------+-------+-------+----------------------
